 Dungeon Crawl Stone Soup version 0.22.0-38-g04b72b8 (webtiles) character file.

210 brik the Slasher (level 5, -5/36 HPs)
             Began as an Octopode Fighter on Aug 25, 2018.
             Slain by a river rat (6 damage)
             ... on level 4 of the Dungeon.
             The game lasted 00:04:49 (2903 turns).

brik the Slasher (Octopode Fighter)                 Turns: 2903, Time: 00:04:50

Health: -5/36      AC:  1    Str: 22    XL:     5   Next: 87%
Magic:  5/5        EV: 11    Int: 10    God:
Gold:   202        SH:  9    Dex: 11    Spells: 4/4 levels left

rFire    . . .     SeeInvis .   a - +0 long sword
rCold    . . .     Gourm    .   b - +0 shield
rNeg     . . .     Faith    .   (helmet restricted)
rPois    .         Spirit   .   s - amulet of rage
rElec    .         Reflect  .   (no ring)
rCorr    .         Harm     .   (no ring)
MR       .....                  (no ring)
Stlth    +++.......             (no ring)
HPRegen  0.12/turn              (no ring)
MPRegen  0.09/turn              (no ring)
                                (no ring)
                                (no ring)

@: mighty, lethally poisoned (-5 -> -5)
A: almost no armour, stealthy swim, amphibious, 8 rings, constrict 8, camouflage
1, gelatinous body 1
a: Evoke Berserk Rage


You were on level 4 of the Dungeon.
You were not hungry.

You visited 1 branch of the dungeon, and saw 4 of its levels.

You collected 202 gold pieces.

Inventory:

Hand Weapons
 a - a +0 long sword (weapon)
Missiles
 f - 3 steel tomahawks
 m - 7 tomahawks (quivered)
Armour
 b - a +0 shield (worn)
Jewellery
 q - an uncursed amulet of the acrobat
 s - an amulet of rage (around mantle)
Wands
 p - a wand of enslavement (14)
 u - a wand of paralysis (14)
Scrolls
 e - 3 scrolls of identify {unknown}
 g - 6 scrolls of teleportation {unknown}
 h - a scroll of blinking {unknown}
 j - 2 scrolls of amnesia {unknown}
 l - a scroll of enchant armour {unknown}
 o - a scroll of noise {unknown}
 v - a scroll of fear {unknown}
Potions
 c - a potion of might
 i - 2 potions of agility {unknown}
 k - 2 potions of magic {unknown}
 n - a potion of ambrosia {unknown}
 r - a potion of curing {unknown}
Comestibles
 d - 9 rations
 t - 2 chunks of flesh


   Skills:
 - Level 3.0 Fighting
 + Level 5.1 Long Blades
 - Level 3.0 Dodging
 - Level 4.0 Stealth
 - Level 3.0 Shields


You had 4 spell levels left.
You didn't know any spells.
Your spell library was empty.

Dungeon Overview and Level Annotations

Branches:
Dungeon (4/15)
 Temple: D:4-7

Altars:
Kikubaaqudgha
Uskayaw
Vehumet
Wu Jian

Portals:
Sewer: D:4

Annotations:
D:4 Grinder


Innate Abilities, Weirdness & Mutations

You cannot wear most types of armour.
You are very stealthy in the water. (Stealth+)
You are amphibious.
You can wear up to eight rings at the same time.
You can use your tentacles to constrict eight enemies at once.
Your skin changes colour to match your surroundings (Stealth+).
Your rubbery body absorbs attacks. (AC +1, EV +1)


Message History

Grinder blinks!
You barely miss the adder. Your grab misses the adder.
The adder barely misses you. x2
Some of the chunks of flesh in your inventory have rotted away.
You closely miss the adder. Your grab misses the adder.
You feel sick. The adder completely misses you.
You riposte.
You slash the adder!
You kill the adder!
You slash the ball python!
You kill the ball python!
You block the ball python's attack. The ball python grabs you.
* * * LOW HITPOINT WARNING * * *
The ball python constricts you.
You hit the ball python.
You kill the ball python!
You hit the river rat. You grab the river rat.
The river rat is heavily wounded.
You constrict the river rat.
* * * LOW HITPOINT WARNING * * *
You feel sick. The river rat bites you.
You die...

≈≈∩≈≈).........#######..
≈≈≈≈≈........#..........
.≈≈≈...........#########
...............#
.....%).....#.##
####....?..#.#
#..s5...#.# ###r#####.#
#@# .########## #.#
........... #.#
##########. #.# #. .# .#
#.# #. .##.# #.# #.
###.# #.# #. #.# #.# #.
#.# ###### #.


You could see Grinder, a river rat and a giant cockroach.

Vanquished Creatures
  An orc priest (D:4)
  An iguana (D:4)
  A hound skeleton (D:4)
  Robin (D:3)
  A howler monkey skeleton (D:4)
  4 adders
  3 worms
  5 orcs
  4 giant cockroaches
  14 goblins
  8 hobgoblins
  4 jackals (D:2)
  8 kobolds
  2 quokkas
  3 ball pythons
  5 bats
  6 frilled lizards
  3 rats
74 creatures vanquished.

Notes
Turn   | Place    | Note
-------+----------+-------------------------------------------
     0 | D:1      | brik the Octopode Fighter began the quest for the Orb.
     0 | D:1      | Reached XP level 1. HP: 16/16 MP: 1/1
    11 | D:1      | Reached skill level 1 in Stealth
   138 | D:1      | Reached XP level 2. HP: 21/21 MP: 2/2
   654 | D:2      | Reached XP level 3. HP: 22/26 MP: 3/3
   765 | D:2      | Found a hide-covered altar of Uskayaw.
  1501 | D:3      | Reached XP level 4. HP: 28/31 MP: 4/4
  1505 | D:3      | Reached skill level 3 in Long Blades
  1994 | D:3      | Noticed Robin
  2011 | D:3      | Killed Robin
  2587 | D:3      | Reached skill level 4 in Long Blades
  2587 | D:3      | Reached XP level 5. HP: 36/36 MP: 5/5
  2731 | D:4      | Found an ancient bone altar of Kikubaaqudgha.
  2735 | D:4      | Found an ornate altar of the Wu Jian Council.
  2735 | D:4      | Found a radiant altar of Vehumet.
  2877 | D:4      | Reached skill level 5 in Long Blades
  2888 | D:4      | Noticed Grinder
  2890 | D:4      | Found a glowing drain.
  2903 | D:4      | HP: 1/36 [poisoned by an adder]
  2903 | D:4      | Slain by a river rat

Skill      XL: |  1  2  3  4  5 |
---------------+----------------+-----
Stealth        | 2 3 4 |  4.0
Long Blades    | 4 5 |  5.1
Fighting       | |  3.0
Dodging        | |  3.0
Shields        | |  3.0

Action                   |  1- 3 |  4- 6 || total
-------------------------+-------+-------++-------
Melee: Long sword        |    58 |    71 ||   129
       Tentacles         |     9 |    14 ||    23
       Constrict         |    19 |    22 ||    41
  Use: Potion            |       |     1 ||     1
 Stab: Sleeping          |    11 |     5 ||    16
  Eat: Chunk             |     2 |     4 ||     6
Armor: Skin              |     2 |     3 ||     5
Dodge: Dodged            |    17 |    31 ||    48
Block: Shield            |    19 |    21 ||    40
       Rpst.: Long sword |     6 |     6 ||    12
